[Event "FIDE World School-ch O-17 2025"]
[Site "Vrnjacka Banja"]
[Date "2025.03.20"]
[Round "1.1"]
[White "Manuwaruna, Sethun Neththaru"]
[Black "Bogdanov, Artyom"]
[Result "0-1"]
[Annotator "TA"]
[ECO "A05"]
[WhiteElo "1916"]
[BlackElo "2373"]
[PlyCount "74"]
[EventDate "2025.03.19"]
[EventType "swiss"]
[EventCountry "SRB"]
[SourceTitle "playchess.com"]
[Source "ChessBase"]
[SourceQuality "1"]
[TimeControl "5400+30"]

1. Nf3 Nf6 2. g3 b5 3. Bg2 Bb7 4. O-O e6 5. d3 c5 6. e4 d6 7. h3 {[%emt 0:07:16] A05: Réti Opening: 1 Nf3 Nf6.} Be7 8. Be3 Nc6 9. Nbd2 $146 {[%emt 0:05:48] The position is equal.} ({Predecessor:} 9. Nfd2 d5 10. exd5 Nxd5 11. Nc3 Nxe3 12. fxe3 a6 13. a4 Qb6 14. Qh5 O-O 15. Nf3 {1-0 Lohmann,H (2531)-Machycek,L (2524) W-12Cup Final corr 2005}) 9... O-O 10. c3 a5 11. Nh2 a4 12. f4 a3 13. b3 d5 {[%emt 0:05:57] Black is more active.} (13... b4 $17 14. c4 Nd7) 14. e5 $11 Nd7 15. Nhf3 f6 16. exf6 Bxf6 (16... Nxf6 17. Qe2 $11) 17. Rc1 Qa5 (17... b4 $17 18. c4 Re8) 18. d4 b4 19. Ne5 (19. Nb1 {simplifies} Rad8 20. cxb4 Nxb4 21. Qd2) 19... bxc3 {[%emt 0:20:49][%cal Rf6e5] [#]} (19... Bxe5 20. dxe5 bxc3 21. Nc4 $17) 20. Nxd7 {[%emt 0:04:45] Nf3 is the strong threat.} cxd4 $1 21. b4 (21. Nxf6+ $2 gxf6 (21... Rxf6 22. Bxd4 Nxd4 23. Ne4 $19) 22. Bf2 (22. Qg4+ $2 Kh8 $19) 22... cxd2 $19) 21... Qd8 {[%emt 0:06:24] Some like it hot} 22. Nxf8 dxe3 23. Nb3 {[%emt 0:00:52] Black continues to play with concentration.} ({White should try} 23. Nxe6 $11 Qb6 24. Nc4 dxc4 25. Nc5 Nxb4 (25... Qxb4 $2 26. Qd5+ Kh8 27. Nxb7 $18) (25... Rd8 26. Qe2 $17) 26. Nd7) 23... Qxf8 $17 (23... Kxf8 24. Nc5 Qe7 25. Nxb7 Nxb4 (25... Qxb7 $2 26. f5 $19) 26. Qe2 $19) 24. b5 Na5 25. f5 (25. Re1 $17) 25... Nxb3 26. Qxb3 {[%emt 0:00:08] White is weak on the dark squares} Qc5 (26... e2 27. Rfe1 Qc5+ (27... exf5 28. Bxd5+ Bxd5 29. Qxd5+ Kh8 30. b6 $11) 28. Kh1 $19) 27. Kh1 Re8 28. fxe6 Rxe6 29. Rxf6 $2 (29. Rb1) 29... gxf6 $19 ({Stronger than} 29... Rxf6 30. Rxc3 Qf8 31. Rxe3 $11 (31. Qxa3 $2 {too greedy.} Rf1+ 32. Kh2 Qf2 $19) (31. Bxd5+ $2 Kh8 $19)) 30. Rxc3 Qd4 {[%emt 0:00:37] ( -> ...e2)} 31. Rc1 e2 {[%emt 0:00:24] Prevents Qd1} 32. Re1 Qd2 33. Qb1 Kg7 34. Kh2 Re7 {[%emt 0:00:24] And now ...d4 would win.} 35. Kh1 $2 (35. h4) 35... d4 {[%emt 0:00:34] Black is clearly winning.} 36. Bxb7 Rxb7 37. b6 {[%emt 0:00:42] [#]} Rxb6 $3 {[%emt 0:00:46][%mdl 512] Weighted Error Value: White=0.57/Black=0.14 (very precise)   Mistake:       	White=4     	Black=2      Inaccurate:     	White=4     	---        OK:         	White=12    	Black=5      Best:        	White=1     	Black=6      Strong:       	---       	Black=1} 0-1

[Event "FIDE World School-ch O-17 2025"]
[Site "Vrnjacka Banja"]
[Date "2025.03.20"]
[Round "1.2"]
[White "Ljepic, Andrej"]
[Black "Tadic, Stefan M"]
[Result "1-0"]
[Annotator "TA"]
[ECO "B53"]
[WhiteElo "2337"]
[BlackElo "1906"]
[PlyCount "113"]
[EventDate "2025.03.19"]
[EventType "swiss"]
[EventCountry "SRB"]
[SourceTitle "playchess.com"]
[Source "ChessBase"]
[SourceQuality "1"]
[TimeControl "5400+30"]

1. e4 c5 2. Nf3 d6 3. d4 cxd4 4. Qxd4 Nc6 5. Qe3 Nf6 6. h3 {[%emt 0:00:45] B53: Sicilian: 2...d6: Lines with Qxd4.} g6 7. Be2 Bg7 8. O-O {[%emt 0:00:07] White has an edge.} O-O 9. Rd1 Qc7 10. c4 Be6 11. Ng5 Nd7 12. Nc3 Nc5 $146 ({Predecessor:} 12... Nb4 13. Nb5 Qc6 14. Qb3 a5 15. Nd4 Bxd4 16. Rxd4 Nc5 17. Qc3 Bc8 18. a3 f6 19. Nxh7 Rf7 20. Qg3 Nc2 21. Rxd6 Qxd6 {½-½ Benz,G (2542)-Fuzishawa,R (2422) W-ch43 sf02 email 2019}) 13. Rb1 Nb4 ({Black should try} 13... a5 $14) 14. Qg3 $16 a5 (14... h6 $16) 15. Qh4 $18 {[%emt 0:05:46][%csl Gg5][%cal Rh4h7] [#]} h6 16. Nxe6 Nxe6 17. Bxh6 a4 (17... Bf6 $142 18. Qg4 Rfc8) 18. Nd5 Nxd5 19. exd5 Nc5 20. Bxg7 Kxg7 21. Qd4+ $40 {[%emt 0:00:05][%mdl 128] White has strong attack.} f6 22. Bf1 Kf7 23. Re1 Rh8 24. Re3 Rh5 25. f4 {[%emt 0:03:09] White is more active.} e5 26. dxe6+ Nxe6 27. Qe4 Nc5 (27... Re8 $16 28. Bd3 f5) 28. Qf3 Rhh8 29. Qd5+ Kf8 30. Rbe1 Rh7 31. b4 axb3 32. axb3 Qc6 33. Qd4 Rf7 34. b4 {[%emt 0:00:49][%cal Of4f5] [#] aiming for f5!.} Nd7 35. Re6 Qb6 36. Qxb6 Nxb6 37. Rxd6 Nd7 (37... Na4 {was necessary.} 38. c5 Kg7) 38. c5 {[%emt 0:00:23] White is clearly winning.} Rc8 39. Red1 Rc7 40. Bb5 Nxc5 41. bxc5 Rxc5 42. Bd3 Kg7 43. Rb1 Kh6 44. Rdb6 Rd7 45. Be2 ({Less strong is} 45. Rxb7 Rxd3 46. R7b2 Rdc3 $14) 45... Re7 46. Bf3 ({Worse is} 46. Rxb7 Rxe2 47. Kh1 Rcc2 $11) 46... Rf5 47. g3 Ra5 48. Rxb7 Re3 49. R7b3 Re7 50. Kf2 g5 51. fxg5+ Rxg5 52. Rb6 Kg6 53. R1b5 Rxb5 54. Rxb5 Ra7 55. Be4+ Kh6 56. Kf3 Re7 57. Rb7 {[%emt 0:00:13] Weighted Error Value: White=0.09 (flawless) /Black=0.31  Mistake:       	---       	Black=5      Inaccurate:     	White=1     	Black=4      OK:         	White=22    	Black=12     Best:        	White=2     	Black=3} 1-0

[Event "FIDE World School-ch O-17 2025"]
[Site "Vrnjacka Banja"]
[Date "2025.03.20"]
[Round "1.3"]
[White "Jovanovic, Darko A"]
[Black "Milanovic, Marko"]
[Result "1/2-1/2"]
[Annotator "TA"]
[ECO "D02"]
[WhiteElo "1894"]
[BlackElo "2271"]
[PlyCount "119"]
[EventDate "2025.03.19"]
[EventType "swiss"]
[EventCountry "SRB"]
[SourceTitle "playchess.com"]
[Source "ChessBase"]
[SourceQuality "1"]
[TimeControl "5400+30"]

1. d4 d5 2. Bf4 Nf6 3. e3 c5 4. c3 Nc6 5. Nf3 Qb6 6. Qc2 Bg4 {[%emt 0:04:07] D02: 1 d4 d5 2 Nf3 sidelines, including 2...Nf6 3 g3 and 2...Nf6 3 Bf4.} 7. Nbd2 e6 8. Be2 Be7 9. O-O O-O 10. h3 {[%emt 0:05:11] Threatens to win with dxc5.} Bf5 11. Bd3 Bxd3 12. Qxd3 {[%emt 0:00:08] A sharp opening} Rac8 (12... Qxb2 {looks sharper.} 13. Rfb1 Qa3 14. Rxb7 Na5) 13. Rfe1 $146 (13. a4 cxd4 14. exd4 a6 15. Ne5 Nxe5 16. Bxe5 Rfd8 17. Rfb1 {½-½ Bahadori,A (1835)-Abu Sufian,S (2247) Asia Club-ch Hybrid 2021 (2.4)}) 13... Rfe8 14. Rab1 Qa5 15. g4 Nd7 (15... Qxa2 16. dxc5 Ne4 (16... Bxc5 $2 17. Ra1 $18) 17. Nxe4 dxe4 18. Qxe4 $14) 16. a3 c4 17. Qc2 Nb6 18. e4 Qa4 19. Qc1 dxe4 20. Nxe4 Nd5 21. Bg3 Rf8 22. Nd6 Rc7 (22... Bxd6 $11 23. Bxd6 Nce7) 23. Qd2 Rd7 24. Ne4 b6 25. Qe2 h6 26. Rbd1 Qb5 (26... Nf6 $14) 27. h4 $16 Nf6 28. Nxf6+ Bxf6 29. Bf4 (29. a4 $16 Qxa4 30. g5 hxg5 31. hxg5) 29... Be7 30. g5 Qf5 31. Qe3 (31. Qe4 $11) 31... h5 ({Better is} 31... hxg5 $1 $15 32. hxg5 Rd5) 32. Qe4 Qg4+ (32... Qxe4 {simplifies} 33. Rxe4 Bd6 34. Bg3 Ne7) 33. Bg3 Qxe4 34. Rxe4 g6 35. Kf1 Rd5 36. Ne5 Nxe5 37. Rxe5 Rfd8 38. Rde1 Kf8 39. Rxd5 Rxd5 $11 {[%emt 0:00:05][%mdl 4096] Endgame KRB-KRB} 40. Re5 Ke8 41. Rxd5 ({White should play} 41. Re3 $15) 41... exd5 $15 {[%emt 0:00:01] KB-KB} 42. Be5 (42. Kg2 {was necessary.}) 42... Kd7 43. Ke2 (43. a4 $142) 43... Ke6 44. f4 $2 (44. Bb8) 44... Bd8 45. Bg7 Kf5 46. Kf3 b5 47. Be5 Be7 48. Bc7 Bf8 49. Be5 a5 50. Bc7 a4 51. Bb8 Be7 {[%emt 0:00:29][%cal Ob5b4] Strongly threatening ...b4!.} 52. Bc7 Ke6 53. Bb8 (53. Ke2 $142) 53... Kd7 $2 (53... b4 $19 54. f5+ Kxf5 55. axb4 Bxb4) 54. f5 $2 gxf5 $2 (54... b4 $1 $19 55. cxb4 (55. axb4 $2 Bxb4 56. Bf4 a3 $19) 55... Bxb4) 55. Kf4 $2 (55. Bf4 $1 $11 {and White stays safe.}) 55... Ke6 $2 (55... b4 $1 $19 56. cxb4 Bxb4 (56... Ke6 57. Ke3 $11) 57. Kxf5 (57. axb4 $2 c3 $19) 57... c3 (57... Be1 58. Kf6 $17) 58. bxc3 Bxa3) 56. Be5 $2 {[%emt 0:00:45][%mdl 8192] [#]} (56. Ke3 $17) 56... Bf8 $2 (56... b4 $1 $19 {[%cal Rb4a3] and Black stays clearly on top.} 57. cxb4 Bxb4 58. axb4 c3 59. bxc3 a3) 57. Kf3 $2 (57. Ke3 $17 {was the crucial defense.}) 57... Be7 (57... b4 $142 58. cxb4 (58. axb4 $2 Bxb4 59. Bf4 a3 $19) 58... Bxb4) 58. Kf4 $19 {[%emt 0:00:06] [#]} Bd8 $2 (58... b4 $1 $19 59. cxb4 Bxb4 60. axb4 c3 61. bxc3 a3) 59. Kf3 $15 Be7 $2 (59... f4 $15) 60. Kf4 {[%emt 0:00:06][%mdl 32768] Weighted Error Value: White=0.76/Black=0.74 An unexpected result.  Loses game:     	White=4     	---        Missed win:     	---       	Black=5      Mistake:       	White=7     	Black=3      Inaccurate:     	White=7     	---        OK:         	White=9     	Black=5      Best:        	White=1     	Black=3} 1/2-1/2

[Event "FIDE World School-ch O-17 2025"]
[Site "Vrnjacka Banja"]
[Date "2025.03.20"]
[Round "1.4"]
[White "Gusev, Mikhail"]
[Black "Guntaka, Aayansh"]
[Result "1/2-1/2"]
[Annotator "NA RC"]
[ECO "B33"]
[WhiteElo "2250"]
[BlackElo "1866"]
[PlyCount "109"]
[EventDate "2025.03.19"]
[EventType "swiss"]
[EventCountry "SRB"]
[SourceTitle "playchess.com"]
[Source "ChessBase"]
[SourceQuality "1"]
[TimeControl "5400+30"]

1. e4 c5 2. Nf3 e6 3. d4 cxd4 4. Nxd4 Nf6 5. Nc3 Nc6 6. Ndb5 d6 7. Bf4 e5 8. Bg5 a6 9. Na3 b5 10. Nd5 Be7 11. Bxf6 Bxf6 12. c4 b4 13. Nc2 a5 14. g3 O-O 15. h4 Be6 16. Be2 Bxd5 17. Qxd5 Nd4 18. Nxd4 exd4 19. Bg4 Re8 20. O-O g6 21. Rae1 h5 22. Bh3 Bg7 23. f4 Qe7 24. Kg2 a4 25. f5 Qe5 26. fxg6 Qxd5 27. exd5 fxg6 28. Be6+ Kh8 29. Bf7 Rxe1 30. Rxe1 d3 31. Bxg6 Bxb2 32. Bxd3 b3 33. Bb1 bxa2 34. Bxa2 Bd4 35. Re4 Bc5 36. Re2 a3 37. Kf3 Rf8+ 38. Kg2 Rb8 39. Kh3 Rf8 40. Bb1 Rf1 41. Ba2 Kg7 42. Kg2 Rf7 43. Bb1 Rb7 44. Ba2 Kh7 45. Kf3 Rf7+ 46. Ke4 Re7+ 47. Kd3 Rxe2 48. Kxe2 Kg6 49. Kf3 Kf5 50. g4+ hxg4+ 51. Kg3 Be3 52. Bb1+ Ke5 53. Kxg4 Kd4 54. Kf3 Bh6 55. Ba2 1/2-1/2

[Event "FIDE World School-ch O-17 2025"]
[Site "Vrnjacka Banja"]
[Date "2025.03.20"]
[Round "1.5"]
[White "Senevirathne, D C B K"]
[Black "Yildiz, Egehan"]
[Result "0-1"]
[Annotator "TA"]
[ECO "B15"]
[WhiteElo "1840"]
[BlackElo "2204"]
[PlyCount "134"]
[EventDate "2025.03.19"]
[EventType "swiss"]
[EventCountry "SRB"]
[SourceTitle "playchess.com"]
[Source "ChessBase"]
[SourceQuality "1"]
[TimeControl "5400+30"]

1. e4 c6 2. d4 d5 3. Nd2 dxe4 4. Nxe4 Nf6 5. Nxf6+ exf6 6. c3 Bd6 7. Bd3 O-O 8. Ne2 Re8 9. O-O {[%emt 0:00:08] B15: Caro-Kann: 3 Nc3: 3...g6 and 3...dxe4 4 Nxe4 Nf6 5 Nxf6+ exf6.} Nd7 10. Ng3 g6 {[%emt 0:00:13] Prevents Nf5} 11. Ne4 {[%emt 0:08:13] The position is equal.} Bf8 12. Bf4 (12. a4 {simplifies} c5 13. Bc2 f5 14. Nxc5 Nxc5 15. dxc5 Bxc5 16. Qxd8 Rxd8 17. a5) 12... Nb6 13. Re1 Nd5 {[%emt 0:04:45] Prevents Bc7} 14. Qd2 $146 (14. Bd2 f5 15. Ng5 Rxe1+ 16. Qxe1 Qc7 17. Qe8 Rb8 18. Re1 b5 19. Qe2 Bd7 20. Nf3 {1-0 Krastev,A (2340)-Tica,S (2396) Mitropa Cup Online 2021 (3.4)}) 14... Nxf4 15. Qxf4 Kg7 16. Re3 f5 17. Ng5 Rxe3 {[%emt 0:08:15] Successful Defense Black} 18. Qxe3 Be7 19. f4 h6 20. Nf3 Be6 21. Ne5 Qb6 22. b3 c5 23. Nd7 Bxd7 24. Qxe7 cxd4 $1 25. Qe5+ $1 (25. Qxd7 $2 dxc3+ 26. Kh1 Rd8 $19) 25... Kg8 26. Qxd4 Qxd4+ 27. cxd4 $11 {[%emt 0:00:01][%mdl 4096] Endgame KRB-KRB} Bc6 28. Rd1 Rd8 29. Bc4 Be4 30. Kf2 Kg7 31. g3 Kf6 32. d5 Rd6 33. Ke3 Ke7 34. Kd4 Rd8 35. a4 Kd6 36. Rd2 Rg8 37. h3 (37. a5 $11) 37... g5 $15 38. Ke3 Re8 39. Kf2 {[%emt 0:01:11] Inhibits Bg2.} ({White should try} 39. fxg5 $15 hxg5 (39... Bxd5+ $2 40. Kf2 $18) 40. Kd4) 39... gxf4 $17 40. gxf4 Rg8 41. Bf1 {[%emt 0:01:00] Dodges Rg2+} Bxd5 {[%emt 0:01:26] Black is more active.} ({Black should play} 41... h5 $17 42. Rd4 h4 (42... Bxd5 $2 43. Bc4 $18)) 42. Ke3 (42. a5 $15) 42... Rg3+ (42... a5 $19 43. Bc4 Rg3+ 44. Kd4 (44. Kf2 $2 Rg2+ 45. Ke3 Rxd2 $19) 44... Be6 45. Bxe6 fxe6 46. Kc4+ Ke7) 43. Kf2 $1 $15 Rf3+ (43... Rxb3 $2 44. Bg2 $18) 44. Ke2 (44. Ke1 $1 $15 Rg3 (44... Rxb3 $2 45. Bc4 $18) (44... Rxf4 45. Bg2 $15) 45. Kf2 Rf3+ (45... Rxb3 $2 46. Bg2 $18) 46. Ke2) 44... Rg3 (44... Rxb3 45. Bg2 $16) (44... Rxf4 $17 {Hoping for ...Ke5.} 45. Bg2 Re4+ 46. Bxe4 fxe4) 45. Kf2 $1 Rg6 (45... Rxb3 $2 46. Bg2 $18) 46. b4 (46. Bc4 Rg2+ 47. Ke3 Rxd2 48. Kxd2 Bxc4 49. bxc4 Kc5 $19) 46... Ke6 47. Rd4 Rg8 48. Bd3 (48. Bc4 $11 Rd8 49. a5) 48... Rd8 (48... Rg2+ $17 49. Kf1 Bf3) 49. Bc4 Rd6 50. Bd3 Rd7 51. Ke3 Kf6 52. Kd2 Rd6 53. Kc3 (53. Bc4 $5 Ke6 54. Kc3 $11) 53... Rc6+ 54. Kd2 Be6 55. Rd8 Ke7 (55... b6 $15 {might be stronger.}) 56. Rb8 $11 Bc8 57. b5 Rc7 58. a5 Kd6 59. Ra8 $1 b6 60. axb6 axb6 61. Ra1 Bd7 62. Ra6 Kc5 63. Ra1 Rc8 (63... Bxb5 $2 64. Rc1+ (64. Bxf5 $2 {loses.} Bc4 $19) 64... Kd6 65. Rxc7 (65. Bxb5 Rxc1 66. Kxc1 Kd5 $18) 65... Bxd3 66. Rxf7 $18) 64. Rb1 Rg8 65. Rc1+ Kd6 66. Rf1 $2 {[%emt 0:01:34] [#]} (66. Rd1 $15) 66... Rg3 (66... Rg2+ $1 $19 67. Ke3 Rg3+ 68. Rf3 Rxf3+ 69. Kxf3 Kc5) 67. h4 $2 {[%emt 0:00:23][%mdl 8192] [#]} (67. Rd1 $17) 67... Rxd3+ $1 {[%emt 0:00:05][%mdl 512] Weighted Error Value: White=0.11 (very precise) /Black=0.12 (very precise)   Loses game:     	White=2     	---        Mistake:       	White=5     	Black=6      Inaccurate:     	White=5     	Black=3      OK:         	White=22    	Black=26     Best:        	White=1     	Black=2      Strong:       	White=4     	Black=1      Brilliant:      	---       	Black=1} 0-1

[Event "FIDE World School-ch O-17 2025"]
[Site "Vrnjacka Banja"]
[Date "2025.03.20"]
[Round "1.6"]
[White "Panda, Barnabas"]
[Black "Rustamov, Bekzod"]
[Result "1/2-1/2"]
[Annotator "NA RC"]
[ECO "A53"]
[WhiteElo "2147"]
[BlackElo "1829"]
[PlyCount "80"]
[EventDate "2025.03.19"]
[EventType "swiss"]
[EventCountry "SRB"]
[SourceTitle "playchess.com"]
[Source "ChessBase"]
[SourceQuality "1"]
[TimeControl "5400+30"]

1. d4 Nf6 2. c4 d6 3. Nc3 Nbd7 4. e4 e5 5. Be3 Be7 6. h3 O-O 7. Nf3 c6 8. Be2 h6 9. O-O Nh7 10. Qd2 Bf6 11. Rad1 Re8 12. dxe5 dxe5 13. Na4 Ng5 14. Nxg5 Bxg5 15. Bg4 Nf8 16. Qxd8 Bxd8 17. Bxc8 Rxc8 18. Nc5 b6 19. Nb7 Be7 20. Nd6 Bxd6 21. Rxd6 Red8 22. Rfd1 Ne6 23. Rxd8+ Rxd8 24. Rxd8+ Nxd8 25. f4 exf4 26. Bxf4 Ne6 27. Bb8 a6 28. Kf2 Kf8 29. Bd6+ Ke8 30. Ke3 Kd7 31. Bb4 h5 32. Bc3 g6 33. b4 Kd6 34. e5+ Kd7 35. Ke4 b5 36. cxb5 axb5 37. Bd2 Nc7 38. Kd4 Ne6+ 39. Ke4 Nc7 40. Kd4 Ne6+ 1/2-1/2

[Event "FIDE World School-ch O-17 2025"]
[Site "Vrnjacka Banja"]
[Date "2025.03.20"]
[Round "1.7"]
[White "Aziz, Matthew Luke"]
[Black "Topuz, Mirac Melih"]
[Result "0-1"]
[Annotator "NA RC"]
[ECO "C07"]
[WhiteElo "1777"]
[BlackElo "2113"]
[PlyCount "96"]
[EventDate "2025.03.19"]
[EventType "swiss"]
[EventCountry "SRB"]
[SourceTitle "playchess.com"]
[Source "ChessBase"]
[SourceQuality "1"]
[TimeControl "5400+30"]

1. e4 e6 2. d4 d5 3. Nd2 c5 4. Ngf3 cxd4 5. exd5 Qxd5 6. Bc4 Qd6 7. O-O Nf6 8. Nb3 Nc6 9. Nbxd4 Nxd4 10. Nxd4 a6 11. c3 Be7 12. h3 O-O 13. Qf3 Qc7 14. Bd3 Nd5 15. Re1 Rd8 16. Be3 Nxe3 17. Qxe3 g6 18. Nf3 Bd7 19. Ne5 Be8 20. Rad1 Rd5 21. Nc4 Rad8 22. b3 b5 23. Ne5 Qxc3 24. Rc1 Qxe5 25. Qxe5 Rxe5 26. Rxe5 Rxd3 27. Rc8 Rd1+ 28. Kh2 Rd8 29. Rxd8 Bxd8 30. Rc5 Bd7 31. Kg3 Kf8 32. f4 Ke7 33. Kf3 Kd6 34. Rc2 Bc6+ 35. Ke3 a5 36. g4 f6 37. h4 e5 38. f5 gxf5 39. gxf5 Bb6+ 40. Ke2 Be4 41. Rc8 Bxf5 42. Rb8 Kc5 43. Rf8 Bg4+ 44. Kf2 f5 45. Rh8 f4 46. Rxh7 Kd5+ 47. Ke1 f3 48. a4 f2+ 0-1

[Event "FIDE World School-ch O-17 2025"]
[Site "Vrnjacka Banja"]
[Date "2025.03.20"]
[Round "1.8"]
[White "Adithya A Chullikkad"]
[Black "Gigov, Mario"]
[Result "1-0"]
[Annotator "NA RC"]
[ECO "B07"]
[WhiteElo "2101"]
[BlackElo "1742"]
[PlyCount "65"]
[EventDate "2025.03.19"]
[EventType "swiss"]
[EventCountry "SRB"]
[SourceTitle "playchess.com"]
[Source "ChessBase"]
[SourceQuality "1"]
[TimeControl "5400+30"]

1. e4 d6 2. d4 Nf6 3. Nc3 g6 4. f3 Bg7 5. Be3 O-O 6. Qd2 e5 7. d5 Nbd7 8. h4 Nh5 9. Nge2 Bf6 10. O-O-O Be7 11. g4 Ng7 12. h5 g5 13. h6 Ne8 14. Ng3 Nb6 15. a4 Bd7 16. a5 Na4 17. Nxa4 Bxa4 18. Nf5 f6 19. Qb4 Bd7 20. Qxb7 Bxf5 21. gxf5 Qb8 22. a6 Rf7 23. Bb5 Kf8 24. Bc6 Qxb7 25. axb7 Rb8 26. Bxa7 Rxb7 27. Bxb7 Bd8 28. Bc6 Ke7 29. Rd3 Kf8 30. Rb3 Ke7 31. Rd1 Rf8 32. Rdd3 Rg8 33. Rb8 1-0